 Dungeon Crawl Stone Soup version 0.27-a0-1189-gb8eb6cee8e (webtiles) character file.

Game seed: 4333044228249593958

1534 leviel the Slicer (level 8, -3/64 HPs)
             Began as a Hill Orc Fighter on May 22, 2021.
             Was an Initiate of the Shining One.
             Killed from afar by an electric eel (9 damage)
             ... with a bolt of electricity
             ... on level 6 of the Dungeon.
             The game lasted 00:07:23 (5993 turns).

leviel the Slicer (Hill Orc Fighter)                Turns: 5993, Time: 00:07:23

Health: -3/64      AC:  9    Str: 21    XL:     8   Next: 86%
Magic:  8/8        EV:  7    Int:  8    God:    the Shining One [......]
Gold:   220        SH: 14    Dex: 10    Spells: 7/7 levels left

rFire    + . .     SeeInvis .   a - +0 war axe
rCold    . . .     Faith    .   c - +0 kite shield
rNeg     . . .     Spirit   .   b - +0 scale mail
rPois    .         Reflect  +   (no helmet)
rElec    .         Harm     .   (no cloak)
rCorr    .         Rampage  .   (no gloves)
Will     .....                  l - +1 pair of boots
Stlth    ..........             y - amulet of reflection
HPRegen  0.20/turn              q - ring of protection from fire
MPRegen  0.11/turn              (no ring)

@: glowing
A: no striking features
a: Renounce Religion


You were on level 6 of the Dungeon.
You worshipped the Shining One.
The Shining One was noncommittal.
You visited 2 branches of the dungeon, and saw 7 of its levels.

You collected 220 gold pieces.

Inventory:

Hand Weapons
 a - a +0 war axe (weapon)
Missiles
 j - 2 throwing nets (quivered)
 v - 5 javelins
Armour
 b - a +0 scale mail (worn)
 c - a +0 kite shield (worn)
 l - a +1 pair of boots (worn)
Jewellery
 q - a ring of protection from fire (left hand)
 y - an amulet of reflection (around neck)
Wands
 s - a wand of paralysis (6)
Scrolls
 e - a scroll of identify {@r1}
 h - a scroll of magic mapping
 i - a scroll of teleportation
 n - a scroll of silence
Potions
 d - 2 potions of might
 f - a potion of brilliance
 m - a potion of haste
 p - a potion of invisibility
 r - a potion of flight


   Skills:
 - Level 3.6 Fighting
 + Level 10.4 Short Blades
 - Level 3.8 Axes
 - Level 3.2 Armour
 - Level 3.2 Shields


You had 7 spell levels left.
You didn't know any spells.
Your spell library contained the following spells:

 Spells                   Type           Power      Damage    Failure   Level
 Animate Skeleton         Necr           0%         N/A       99%         1
 Pain                     Necr           0%         1d4       99%         1
 Vampiric Draining        Necr           0%         2d6       100%        3
 Animate Dead             Necr           0%         N/A       100%        4
 Agony                    Necr           0%         N/A       100%        5


Dungeon Overview and Level Annotations

Branches:
Dungeon (6/15)             Temple (1/1) D:5

Altars:
Ashenzari
Cheibriados
Dithmenos
Fedhas
Gozag
Hepliaklqana
Kikubaaqudgha
Makhleb
Nemelex Xobeh
Qazlal
Ru
Sif Muna
Trog
Uskayaw
Vehumet
Xom
Yredelemnul
Zin
The Shining One

Annotations:
D:4 1 runed translucent door, PewDiePie's ghost, novice MiBe


Message History

No target in view!
No target in view!
Found a stone staircase leading down.
Found an escape hatch in the ceiling.
An electric eel comes into view.
Found 16 gold pieces.
You see here 5 gold pieces.
You enter the shallow water.
Moving in this stuff is going to be slow.
The electric eel shoots out a bolt of lightning at you!
The bolt of electricity hits you!
Found a stone staircase leading up.
The electric eel shoots out a bolt of lightning at you!
The bolt of electricity hits you!
You are too injured to fight recklessly!
You are too injured to fight recklessly!
An electric eel is nearby!
You slash the electric eel!
The electric eel is severely wounded.
The electric eel shoots out a bolt of lightning at you!
The bolt of electricity hits you!
You closely miss the electric eel.
The electric eel is severely wounded.
The electric eel shoots out a bolt of lightning at you!
The bolt of electricity hits you!
You hit the electric eel.
The electric eel is almost dead.
The electric eel shoots out a bolt of lightning at you!
The bolt of electricity hits you!
* * * LOW HITPOINT WARNING * * *
The electric eel shoots out a bolt of lightning at you!
The bolt of electricity hits you!
* * * LOW HITPOINT WARNING * * *
You barely miss the electric eel.
The electric eel is almost dead.
You hit the electric eel.
The electric eel is almost dead.
The electric eel shoots out a bolt of lightning at you!
The bolt of electricity hits you!
You die...

# ###
.##########.########
.........<..<......#####
...##.#####.............
............?...@......#
...###.....$≈≈≈≈.;≈≈≈≈.#
..## #...##.≈≈≈≈.≈≈≈≈≈.#
..# #...#$.≈≈≈≈.≈≈≈≈≈..
..####......≈≈≈≈.≈≈≈≈≈..
#.........>.≈≈≈≈........
#.................≈≈≈≈.#
#.###...#...≈≈≈≈≈.≈≈≈≈..
..###.......≈≈≈≈≈.≈≈≈≈


You could see an electric eel.

Vanquished Creatures
  A water moccasin (D:5)
  An orc warrior (D:4)
  Duvessa (D:4)
  An ice beast (D:5)
  A black bear (D:4)
  A necrophage (D:5)
  2 ogres
  A phantom (D:4)
  Blork the orc (D:4)
  A bullfrog (D:5)
  2 scorpions
  Dowan (D:4)
  An orc priest (D:4)
  A hound (D:3)
  A centaur skeleton (D:6)
  An orc wizard (D:5)
  Ijyb (D:3)
  Jessica (D:3)
  2 iguanas
  A hound skeleton (D:5)
  Robin (D:3)
  4 gnolls (D:3)
  4 adders
  3 white imps
  An ufetubus (D:5)
  An adder skeleton (D:4)
  2 worms
  2 dart slugs (D:3)
  6 orcs
  8 ball pythons
  4 endoplasms
  2 giant cockroaches
  15 goblins
  7 hobgoblins
  6 jackals
  2 quokkas
  5 bats
  3 frilled lizards
  A kobold (D:2)
  A rat (D:3)
101 creatures vanquished.

Notes
Turn   | Place    | Note
-------+----------+-------------------------------------------
     0 | D:1      | leviel the Hill Orc Fighter began the quest for the Orb.
     0 | D:1      | Reached XP level 1. HP: 19/19 MP: 1/1
   311 | D:1      | Found a faded altar of an unknown god.
   318 | D:1      | Reached XP level 2. HP: 26/26 MP: 2/2
   803 | D:2      | Reached skill level 1 in Short Blades
   928 | D:2      | Reached XP level 3. HP: 26/31 MP: 3/3
  1108 | D:2      | Reached skill level 2 in Short Blades
  1274 | D:3      | Noticed Robin
  1302 | D:3      | Killed Robin
  1303 | D:3      | Reached XP level 4. HP: 12/39 MP: 4/4
  1597 | D:3      | Found a shimmering blue altar of Sif Muna.
  1605 | D:3      | Reached skill level 3 in Short Blades
  1761 | D:3      | Reached XP level 5. HP: 44/45 MP: 5/5
  1855 | D:3      | Reached skill level 4 in Short Blades
  1950 | D:3      | Noticed Jessica
  1954 | D:3      | Found a radiant altar of Vehumet.
  1957 | D:3      | Killed Jessica
  1975 | D:3      | Noticed Ijyb
  1980 | D:3      | Paralysed by Ijyb for 4 turns
  1989 | D:3      | Killed Ijyb
  2264 | D:3      | Reached skill level 5 in Short Blades
  2287 | D:3      | Reached XP level 6. HP: 51/51 MP: 6/6
  2453 | D:4      | Noticed Duvessa
  2453 | D:4      | Noticed Dowan
  2465 | D:4      | Killed Duvessa
  2465 | D:4      | HP: 1/51 [poisoned by Duvessa]
  2470 | D:4      | Killed Dowan
  2471 | D:4      | Reached skill level 6 in Short Blades
  3161 | D:4      | Found a runed translucent door.
  3172 | D:4      | Reached XP level 7. HP: 33/57 MP: 7/7
  3174 | D:4      | Noticed PewDiePie's ghost (novice MiBe)
  3321 | D:4      | Reached skill level 7 in Short Blades
  3553 | D:4      | Reached skill level 8 in Short Blades
  3731 | D:4      | Noticed Blork the orc
  3737 | D:4      | Killed Blork the orc
  3963 | D:4      | Reached XP level 8. HP: 50/64 MP: 8/8
  4379 | D:5      | Entered Level 5 of the Dungeon
  4431 | D:5      | Reached skill level 9 in Short Blades
  4451 | D:5      | Found a staircase to the Ecumenical Temple.
  4465 | Temple   | Entered the Ecumenical Temple
  4600 | Temple   | Became a worshipper of the Shining One
  4959 | D:5      | Found a burning altar of Makhleb.
  5177 | D:5      | Reached skill level 10 in Short Blades
  5993 | D:6      | Killed from afar by an electric eel

Illustrated notes

Levels and vault maps discovered:
D:1:      dpeg_arrival_pits, layout_basic,
          hellmonk_ecumenical_altar_heavens_door
D:2:      layout_basic, grunt_decor_arrowhead
D:3:      layout_loops_ring, nicolae_overflow_crystal_walls, lemuel_tele_altar,
          serial_aquarium, aquarium_bridge_long_joined
          [aquarium_subvault_bridge, aquarium_subvault_bridge,
          aquarium_subvault_wall, aquarium_subvault_window,
          aquarium_subvault_bridge, aquarium_subvault_balcony],
          aquarium_window_1, aquarium_window_fake, aquarium_window_corridor_3,
          aquarium_view_2a, aquarium_pool_2, minmay_liquid_box, uniq_robin,
          uniq_jessica, uniq_ijyb
D:4:      layout_basic, ebering_ghost_sewer_d, skrybe_limestone_x,
          kennysheep_cluttered_room, uniq_duvessa, uniq_blork_the_orc
D:5:      layout_loops_ring, marbit_many_paths, minmay_temple_entry_stoned_glass
D:6:      layout_loops_ring, minivault_14
Temple:   compressed_dpeg_circular_temple

Skill      XL: |  1  2  3  4  5  6  7  8 |
---------------+-------------------------+-----
Axes           | 3 |  3.8
Short Blades   | 1 2 3 5 6 8 10 | 10.4
Fighting       | |  3.6
Armour         | |  3.2
Shields        | |  3.2

Action                   |  1- 3 |  4- 6 |  7- 9 || total
-------------------------+-------+-------+-------++-------
Melee: War axe           |    31 |       |    97 ||   128
       Rapier            |    68 |    87 |    68 ||   223
  Use: Potion            |       |     2 |     3 ||     5
       Scroll            |       |       |     7 ||     7
Armor: Scale mail        |    54 |    31 |    68 ||   153
Dodge: Dodged            |    26 |    22 |    46 ||    94
Block: Kite shield       |    50 |    42 |   108 ||   200
       Reflection        |       |       |     3 ||     3

Table legend: (Time is in decaauts)
 A = Elapsed time spent in this place.
 B = Non-inter-level travel time spent in this place.
 C = Inter-level travel time spent in this place.
 D = Time resting spent in this place.
 E = Time spent auto-exploring this place.
 F = Levels seen in this place.
 G = Mean time per level.
                   A        B        C        D        E       F      G
               +--------+--------+--------+--------+--------+-----+--------+
         Total |   6112 |   5852 |    260 |   1643 |   3431 |   7 |  873.1 |
       Dungeon |   5967 |   5746 |    221 |   1643 |   3325 |   6 |  994.5 |
        Temple |    145 |    107 |     38 |      0 |    106 |   1 |  145.0 |
               +--------+--------+--------+--------+--------+-----+--------+

Top non-repeatable levels by time:
     D:4: 1932 daAuts
     D:5: 1453 daAuts
     D:3: 1215 daAuts
     D:1: 797 daAuts
     D:2: 499 daAuts
  Temple: 145 daAuts
     D:6: 68 daAuts
